 Dungeon Crawl Stone Soup version 0.27.0-1-g7a08968 (webtiles) character file.

Game seed: 4909008464988060651

70 Connor the Sneak (level 4, 0/37 HPs)
             Began as a Draconian Brigand on Jan 4, 2022.
             Was a Follower of Qazlal.
             Splashed by Ijyb's acid (9 damage)
             ... on level 3 of the Dungeon.
             The game lasted 00:16:15 (1913 turns).

Connor the Sneak (Draconian Brigand)                Turns: 1913, Time: 00:16:15

Health: 0/37       AC:  3    Str: 13    XL:     4   Next: 4%
Magic:  3/4        EV: 11    Int: 12    God:    Qazlal [*.....]
Gold:   96         SH:  2    Dex: 13    Spells: 1/4 levels left

rFire    . . .     SeeInvis .   a - +2 dagger
rCold    . . .     Faith    .   (no shield)
rNeg     . . .     Spirit   .   (armour unavailable)
rPois    .         Reflect  .   (helmet restricted)
rElec    .         Harm     .   b - +1 cloak
rCorr    .         Rampage  .   (no gloves)
Will     .....                  (no boots)
Stlth    ++........             (no amulet)
HPRegen  0.12/turn              (no ring)
MPRegen  0.09/turn              (no ring)

@: corroded
A: AC +5, unfitting armour, cold-blooded
a: Renounce Religion


You were on level 3 of the Dungeon.
You worshipped Qazlal.
Qazlal was aware of your devotion.
You visited 1 branch of the dungeon, and saw 3 of its levels.

You collected 96 gold pieces.

Inventory:

Hand Weapons
 a - a +2 dagger (weapon)
Missiles
 c - a poisoned dart (quivered)
 g - 7 boomerangs
 i - 6 silver boomerangs
Armour
 b - a +1 cloak (worn)
Scrolls
 f - a scroll of teleportation {unknown}
 j - a scroll of immolation
 k - a scroll of vulnerability
 m - a scroll of enchant weapon {unknown}
Potions
 e - 3 potions of curing
 h - 2 potions of haste
 l - a potion of flight


   Skills:
 + Level 2.5 Fighting
 + Level 2.1 Short Blades
 + Level 2.3 Throwing
 + Level 1.1 Dodging
 + Level 4.4 Stealth
 + Level 0.1 Shields
 * Level 0.6 Spellcasting
 * Level 0.5 Invocations


You had one spell level left.
You knew the following spells:

 Your Spells              Type           Power      Damage    Failure   Level
a - Apportation           Tloc           0%         N/A       32%         1
b - Blink                 Tloc           N/A        N/A       43%         2

Your spell library contained the following spells:

 Spells                   Type           Power      Damage    Failure   Level
 Alistair's Intoxication  Tmut/Pois      0%         N/A       100%        5
 Manifold Assault         Tloc           0%         N/A       100%        5
 Summon Forest            Summ/Tloc      0%         N/A       100%        5
 Eringya's Noxious Bog    Tmut/Pois      0%         N/A       100%        6
 Invisibility             Hex            0%         N/A       100%        6
 Storm Form               Tmut/Air       0%         N/A       100%        7
 Summon Hydra             Summ           0%         N/A       100%        7


Dungeon Overview and Level Annotations

Branches:
Dungeon (3/15)

Altars:
Qazlal

Annotations:
D:3 Ijyb


Innate Abilities, Weirdness & Mutations

Your plain brown scales are hard. (AC +5)
You cannot fit into any form of body armour.
You are cold-blooded and may be slowed by cold attacks.


Message History

This spell is dangerous to cast!
Memorise Blink, consuming 2 spell levels and leaving 1?
You start memorising the spell.
You continue memorising. x2
You finish memorising.
Spell assigned to 'b'.
Found 5 gold pieces.
Ijyb the Twisted Goblin comes into view.
She is wielding a +0 dagger of speed, wearing a +0 leather armour of cold resistance and carrying a wand of acid (12).
Ijyb shouts!
Throw: 4 darts (poison)
Press: ? - help, Q - select action, (/) - cycle Shift-Dir - straight line, f - Ijyb
Aim: Ijyb, wielding a +0 dagger of speed, wearing a +0 leather armour of cold resistance and carrying a wand of acid (12) (51% to hit)
You throw a poisoned dart. The poisoned dart barely misses Ijyb.
Throw: 3 darts (poison)
Press: ? - help, Q - select action, (/) - cycle Shift-Dir - straight line, f/p - Ijyb
Aim: Ijyb, wielding a +0 dagger of speed, wearing a +0 leather armour of cold resistance and carrying a wand of acid (12) (51% to hit)
You throw a poisoned dart. The poisoned dart closely misses Ijyb.
Throw: dart (curare)
Press: ? - help, Q - select action, (/) - cycle Shift-Dir - straight line, f/p - Ijyb
Aim: Ijyb, wielding a +0 dagger of speed, wearing a +0 leather armour of cold resistance and carrying a wand of acid (12) (51% to hit)
You throw a curare-tipped dart. The curare-tipped dart hits Ijyb.
Ijyb is poisoned.
Ijyb convulses.
Ijyb seems to slow down.
Ijyb is moderately wounded.
Ijyb grins evilly.
Ijyb barely misses you.
You closely miss Ijyb.
Ijyb is heavily wounded.
You hit Ijyb.
Your tail-slap misses Ijyb.
Ijyb is heavily wounded.
Ijyb drinks a potion.
Ijyb seems to grow stronger.
You hit Ijyb but do no damage.
Ijyb is severely wounded.
Ijyb hits you with a +0 dagger of speed.
Throw: 2 darts (poison)
Press: ? - help, Q - select action, (/) - cycle Shift-Dir - straight line, f/p - Ijyb
Aim: Ijyb, wielding a +0 dagger of speed, wearing a +0 leather armour of cold resistance and carrying a wand of acid (12) (severely wounded, strong, very poisoned, slow, 51% to hit)
You throw a poisoned dart. The poisoned dart barely misses Ijyb.
Ijyb zaps a wand.
The bolt of acid hits you!
* * * LOW HITPOINT WARNING * * *
The acid corrodes you!
You are splashed with acid!
You die...

#.##.##.### #........# ##...
#..#.##...# ########## ##..
##......#.# #.. #.....###...
########## ### ..##..#######
.........### #
............###########.......###
..##...####<................#....
#......# ########..........#####
####...##### #(g@..####.....# #
#.........(.##### #...[.# #
#...####### #.....# # #...#
#.....# #<..# ####### #...# #####


You could see Ijyb (strong, very poisoned, slow).

Vanquished Creatures
  2 adders
  2 worms
  3 dart slugs
  3 endoplasms
  A giant cockroach (D:1)
  4 goblins (D:2)
  2 hobgoblins (D:1)
  2 jackals (D:2)
  A quokka (D:1)
  2 ball pythons
  7 bats
  4 frilled lizards
  4 kobolds (D:1)
  4 rats (D:1)
41 creatures vanquished.

Notes
Turn   | Place    | Note
-------+----------+-------------------------------------------
     0 | D:1      | Connor the Draconian Brigand began the quest for the Orb.
     0 | D:1      | Reached XP level 1. HP: 17/17 MP: 1/1
    81 | D:1      | Found a faded altar of an unknown god.
   106 | D:1      | Became a worshipper of Qazlal Stormbringer
   106 | D:1      | Reached * piety under Qazlal
   161 | D:1      | Reached skill level 4 in Stealth
   162 | D:1      | Reached XP level 2. HP: 24/24 MP: 2/2
   711 | D:1      | Reached skill level 1 in Dodging
   884 | D:1      | Reached XP level 3. HP: 30/30 MP: 3/3
   989 | D:2      | Learned a level 1 spell: Apportation
  1851 | D:3      | Reached XP level 4. HP: 21/37 MP: 2/4
  1898 | D:3      | Learned a level 2 spell: Blink
  1899 | D:3      | Noticed Ijyb
  1913 | D:3      | Splashed by Ijyb's acid

Illustrated notes

Levels and vault maps discovered:
D:1:      zaba_arrival_water, layout_loops_ring,
          ebering_ecumenical_altar_abandoned
D:2:      layout_loops_ring, dk_vineyard_1
D:3:      layout_rooms, uniq_ijyb

Skill      XL: |  1  2 |
---------------+-------+-----
Stealth        | 4 |  4.4
Throwing       | 2 |  2.3
Dodging        | 1 |  1.1
Fighting       | |  2.5
Short Blades   | |  2.1
Shields        | |  0.1
Spellcasting   | |  0.6
Invocations    | |  0.5

Action                   |  1- 3 |  4- 6 || total
-------------------------+-------+-------++-------
Melee: Dagger            |    94 |     6 ||   100
       Tailslap          |    12 |     1 ||    13
Throw: Dart              |    51 |     4 ||    55
 Cast: Apportation       |     7 |     3 ||    10
  Use: Scroll            |     4 |       ||     4
       Potion            |     3 |       ||     3
 Stab: Sleeping          |     1 |       ||     1
Armor: Skin              |    40 |     2 ||    42
Dodge: Dodged            |    46 |     1 ||    47
Block: Other             |    11 |       ||    11
